 Dungeon Crawl Stone Soup version 0.25-a0-102-gbfa96ce22d (webtiles) character file.

Game seed: 15367375293748955326, levelgen mode: deterministic

1 vurker the Magician (level 1, 0/13 HPs)
             Began as a Mummy Fire Elementalist on Nov 15, 2019.
             Slain by a giant cockroach (1 damage)
             ... on level 1 of the Dungeon.
             The game lasted 00:00:20 (30 turns).

vurker the Magician (Mummy Fire Elementalist)         Turns: 30, Time: 00:00:21

Health: 0/13       AC:  2    Str: 11    XL:     1   Next: 16%
Magic:  0/4        EV: 12    Int: 14    God:
Gold:   0          SH:  0    Dex: 12    Spells: 4/5 levels left

rFire    x . .     SeeInvis .   (no weapon)
rCold    + . .     Gourm    .   (no shield)
rNeg     + + +     Faith    .   a - +0 robe
rPois    ∞         Spirit   .   (no helmet)
rElec    .         Reflect  .   (no cloak)
rCorr    .         Harm     .   (no gloves)
MR       .....                  (no boots)
Stlth    ++........             (no amulet)
HPRegen  0.04/turn              (no ring)
MPRegen  0.09/turn              (no ring)

@: very slightly contaminated
A: no food or potions, fire vulnerability, cold resistance 1, negative energy
resistance 3, torment resistance, unbreathing
a: no special abilities


You were on level 1 of the Dungeon.
You were not hungry.

You visited 1 branch of the dungeon, and saw 1 of its levels.

Inventory:

Armour
 a - a +0 robe (worn)


   Skills:
 + Level 0.0 Fighting
 - Level 1.5 Dodging
 - Level 1.5 Stealth
 * Level 2.7 Spellcasting
 * Level 0.8 Conjurations
 * Level 2.4 Fire Magic


You had 4 spell levels left.
You knew the following spells:

 Your Spells              Type           Power        Failure   Level  Hunger
a - Flame Tongue          Conj/Fire      #....        12%         1    N/A

Your spell library contained the following spells:

 Spells                   Type           Power        Failure   Level  Hunger
 Throw Flame              Conj/Fire      #.....       17%         2    N/A
 Conjure Flame            Conj/Fire      #.......     34%         3    N/A
 Inner Flame              Hex/Fire       #.......     38%         3    N/A
 Sticky Flame             Conj/Fire      #.......     75%         4    N/A
 Fireball                 Conj/Fire      #.........   97%         5    N/A

Dungeon Overview and Level Annotations

Branches:
Dungeon (1/15)

Altars:


Innate Abilities, Weirdness & Mutations

You do not eat or drink.
Your flesh is vulnerable to fire.
You are immune to poison.
Your flesh is cold resistant. (rC+)
You are immune to negative energy. (rN+++)
You are immune to unholy pain and torment.
You can survive without breathing.


Message History

You are very lightly contaminated with residual magic.
The air around you crackles with energy!
The giant cockroach misses you. The hobgoblin hits you with a +0 club.
Aim: a giant cockroach The flame tongue hits the giant cockroach.
The bat hits you but does no damage.
The giant cockroach bites you but does no damage.
The hobgoblin hits you with a +0 club.
* * * LOW HITPOINT WARNING * * *
The bat hits you but does no damage. The bat misses you.
The bat hits you but does no damage.
There is an open door here.
The bat closely misses you. The bat hits you but does no damage.
The bat barely misses you.
Aim: a bat The flame tongue hits the bat.
The bat misses you. The bat barely misses you.
The bat hits the fungus but does no damage.
You don't have enough magic to cast that spell.
The bat misses you.
You don't have enough magic to cast that spell.
You miss the bat.
The bat closely misses you. x2; The bat hits the fungus.
The giant cockroach bites the fungus.
The bat hits you but does no damage.
You hit the hobgoblin.
The bat hits something.
The bat hits something but does no damage.
The hobgoblin barely misses you.
The giant cockroach bites the fungus.
The bat hits something but does no damage.
You closely miss the hobgoblin.
The bat hits something. x2
The giant cockroach bites the fungus.
The hobgoblin hits you with a +0 club.
* * * LOW HITPOINT WARNING * * *
The bat hits something.
Aim: a bat The flame tongue hits the hobgoblin!
You kill the hobgoblin!
The bat closely misses you.
You don't have enough magic to cast that spell.
The bat misses you.
The giant cockroach bites something.
You hit the giant cockroach.
The bat hits something.
The bat hits something but does no damage.
The giant cockroach bites you but does no damage.
You hit the giant cockroach but do no damage.
The bat hits something but does no damage.
The bat hits something.
The giant cockroach bites you.
* * * LOW HITPOINT WARNING * * *
The bat hits something but does no damage.
You closely miss the giant cockroach.
The bat hits something but does no damage.
The bat hits something.
The giant cockroach bites you.
You die...

#...........
##+##........
#♣≈.P#........
#≈♣.♣#........
#P♣..'.#######
#♣..P###
#Pb.♣# #♣sP≈#
#@.♣≈# #<.♣♣#
####


You could see a giant cockroach and a bat.

Vanquished Creatures
  A hobgoblin (D:1)
1 creature vanquished.

Notes
Turn   | Place    | Note
-------+----------+-------------------------------------------
     0 | D:1      | vurker the Mummy Fire Elementalist began the quest for the
                  | Orb.
     0 | D:1      | Reached XP level 1. HP: 13/13 MP: 4/4
    30 | D:1      | Slain by a giant cockroach

Levels and vault maps discovered:
D:1:      tarquinn_simple_flora_water_f, layout_basic, patterned_corridor

Action                   || total
-------------------------++-------
Melee: Unarmed           ||     6
 Cast: Flame Tongue      ||     4
Armor: Robe              ||     7
Dodge: Dodged            ||    13

Table legend:
 A = Non-vault XP
 B = Vault XP
 C = Vault XP percentage of total XP
 D = Non-vault monster count
 E = Vault monster count
 F = Vault count percentage of total count
                 A         B        C        D         E       F
            +---------+---------+-------+---------+---------+-------
      Total |       2 |       0 |   0.0 |       1 |       0 |   0.0
            +---------+---------+-------+---------+---------+-------
        D:1 |       2 |       0 |   0.0 |       1 |       0 |   0.0
            +---------+---------+-------+---------+---------+-------
